 Dungeon Crawl Stone Soup version 0.29.0-13-gc9e81de378 (webtiles) character file.

Game seed: 15193122396325737324

95 Bartlander the Shooter (level 4, 0/34 HPs)
             Began as a Barachi Hunter on Sept 8, 2022.
             Slain by a quokka (1 damage)
             ... on level 3 of the Dungeon.
             The game lasted 00:04:16 (1792 turns).

Bartlander the Shooter (Barachi Hunter)             Turns: 1792, Time: 00:04:16

Health: 0/34       AC:  3    Str: 13    XL:     4   Next: 65%
Magic:  4/4        EV: 12    Int:  9    God:
Gold:   134        SH:  0    Dex: 17    Spells: 3/3 levels left

rFire   . . .      SeeInvis .   a - +0 shortbow (vorpal)
rCold   . . .      Faith    .   (shield currently unavailable)
rNeg    . . .      Spirit   .   c - +0 leather armour
rPois   .          Reflect  .   (no helmet)
rElec   .          Harm     .   (no cloak)
rCorr   .          Rampage  .   (no gloves)
Will    .....                   (no boots)
Stlth   ++........              (no amulet)
HPRegen 0.11/turn               (no ring)
MPRegen 0.09/turn               (no ring)

@: unable to hop, slow
A: amphibious, slowness 1, strong legs 1, +LOS
a: Hop


You were on level 3 of the Dungeon.
You visited 1 branch of the dungeon, and saw 3 of its levels.

You collected 134 gold pieces.

Inventory:

Hand Weapons
 a - a +0 vorpal shortbow (weapon)
 i - the +8 long sword "Ycvipuem" {vorpal, Int+4 Dex+4 Stlth+}
   (You found it on level 2 of the Dungeon)

   It inflicts extra damage upon your enemies.
   Int:       It affects your intelligence (+4).
   Dex:       It affects your dexterity (+4).
   Stlth:     It makes you more stealthy.
Missiles
 k - 2 throwing nets
Armour
 c - a +0 leather armour (worn)
Scrolls
 b - a scroll of immolation
 f - 3 scrolls of identify
Potions
 d - a potion of mutation
 e - a potion of lignification {unknown}
 g - a potion of curing
 h - a potion of heal wounds {unknown}
 l - a potion of attraction {unknown}


   Skills:
 - Level 2.4 Fighting
 + Level 5.9 Ranged Weapons
 - Level 2.1 Dodging
 - Level 0.8 Stealth


You had 3 spell levels left.
You didn't know any spells.
Your spell library contained the following spells:

 Spells                   Type           Power      Damage    Failure   Level
 Apportation              Tloc           0%         N/A       45%         1
 Necrotise                Necr           0%         1d4       45%         1
 Sting                    Tmut/Pois      0%         1d3       45%         1
 Summon Small Mammal      Summ           0%         N/A       45%         1


Dungeon Overview and Level Annotations

Branches:
Dungeon (3/15)

Altars:
Ru

Shops:
D:3 ?!


Innate Abilities, Weirdness & Mutations

You are amphibious.
You cover ground slowly.
You can hop short distances.
You have an extended range of vision and can be seen from far away.


Message History

Press: ? - help, Q - select action, (/) - cycle Shift-Dir - straight line, f/p - quokka
Aim: a quokka (53% to hit)
You shoot an arrow. The arrow closely misses the quokka.
The quokka barely misses you. x2
Fire: a) +0 shortbow (vorpal)
Press: ? - help, Q - select action, (/) - cycle Shift-Dir - straight line, f/p - quokka
Aim: a quokka (53% to hit)
You shoot an arrow. The arrow closely misses the quokka.
The quokka bites you but does no damage.
Fire: a) +0 shortbow (vorpal)
Press: ? - help, Q - select action, (/) - cycle Shift-Dir - straight line, f/p - quokka
Aim: a quokka (53% to hit)
You shoot an arrow.
The arrow hits the quokka but does no damage.
The quokka misses you. The quokka bites you.
* * * LOW HITPOINT WARNING * * *
Fire: a) +0 shortbow (vorpal)
Press: ? - help, Q - select action, (/) - cycle Shift-Dir - straight line, f/p - quokka
Aim: a quokka (53% to hit)
You shoot an arrow. The arrow misses the quokka.
The quokka bites you.
* * * LOW HITPOINT WARNING * * *
Hop to where?
Press: ? - help, Dir - move target, p - quokka Boing!
Fire: a) +0 shortbow (vorpal)
Press: ? - help, Q - select action, (/) - cycle Shift-Dir - straight line, f - quokka
Aim: a quokka (sparse dust, 53% to hit)
You shoot an arrow. The arrow hits the quokka.
The quokka is almost dead.
Fire: a) +0 shortbow (vorpal)
Press: ? - help, Q - select action, (/) - cycle Shift-Dir - straight line, f/p - quokka
Aim: a quokka (almost dead, 53% to hit)
You shoot an arrow. The arrow closely misses the quokka.
Fire: a) +0 shortbow (vorpal)
Press: ? - help, Q - select action, (/) - cycle Shift-Dir - straight line, f/p - quokka
Aim: a quokka (almost dead, 53% to hit)
You shoot an arrow. The arrow barely misses the quokka.
The quokka bites you.
You die...

##############..|(..
###............'......
#.......#+######......
#..............##'##..
#......°°..###.##.##..
#°☼.°..°.....#........
#○..○..(.○............
#○...#..°...........##
##☼○°@.°...°........+
#☼.°r°...☼°#.......#
#°°...#...°........#
##.☼o#.○.☼☼○..........
#.○.°.○...°☼○....###..
#○○)))####.°☼.#### ..
#.○○..o. ..<..+ .
#.°..)###.....#
#☼..°.........+


You could see an orc and a quokka.

Vanquished Creatures
  4 adders
  A worm (D:3)
  2 dart slugs (D:3)
  4 orcs (D:3)
  5 ball pythons (D:1)
  3 endoplasms
  3 giant cockroaches
  3 goblins (D:1)
  4 hobgoblins
  5 kobolds
  3 quokkas
  4 bats
  3 frilled lizards (D:1)
  4 rats
48 creatures vanquished.

Notes
Turn   | Place    | Note
-------+----------+-------------------------------------------
     0 | D:1      | Bartlander the Barachi Hunter began the quest for the Orb.
     0 | D:1      | Reached XP level 1. HP: 17/17 MP: 1/1
   243 | D:1      | Reached XP level 2. HP: 14/23 MP: 2/2
   544 | D:1      | Found a faded altar of an unknown god.
   592 | D:1      | Got Plato's Collected Works on Toxicity
   698 | D:1      | Reached XP level 3. HP: 28/28 MP: 3/3
   859 | D:2      | Identified the +8 long sword "Ycvipuem" {vorpal, Int+4
                  | Dex+4 Stlth+}
   861 | D:2      | Found a sacrificial altar of Ru.
   946 | D:2      | Reached skill level 5 in Ranged Weapons
  1162 | D:2      | Reached XP level 4. HP: 34/34 MP: 4/4
  1356 | D:3      | Found Faosoder's Distillery.
  1601 | D:3      | Found Omint's Magic Scroll Boutique.
  1788 | D:3      | HP: 1/34 [quokka (4)]
  1792 | D:3      | Slain by a quokka

Illustrated notes

Levels and vault maps discovered:
D:1:      dpeg_arrival_snail, layout_loops_ring,
          shapermc_ecumenical_altar_rom_forum, kennysheep_pointless_box,
          minmay_stone_trees_medium, st_stairs_14
D:2:      layout_rooms, basic_altar
D:3:      layout_basic, serial_shops, nicolae_shop_statue_plus,
          nicolae_diamond_shop

Skill      XL: |  1  2  3 |
---------------+----------+-----
Ranged Weapons | 5 |  5.9
Fighting       | |  2.4
Dodging        | |  2.1
Stealth        | |  0.8

Action                   |  1- 3 |  4- 6 || total
-------------------------+-------+-------++-------
 Fire: Shortbow          |    90 |    80 ||   170
 Abil: Hop               |       |     2 ||     2
  Use: Scroll            |       |     8 ||     8
       Potion            |       |     1 ||     1
Armor: Leather armour    |     8 |     8 ||    16
Dodge: Dodged            |    39 |    45 ||    84
